AoeStats
← [ KOF ] M. Kowalski

Nomad

509000584Analyzed
3v3 RM · 6d ago on Sep 25, 2026· 45m 31s· 6 players
Game mode
Random Map
Map size
210×210
Population
200
Speed
Normal
Resources
Standard
Victory
Conquest
Starting age
Dark Age
Ending age
Imperial Age
RankedLock teamsTeams togetherTeam positionsShared explorationLock speedFull tech treeHidden civsTurbo modeCheats
Victory
Defeat
🇨🇳 Varangians · China
1418
+12
🇷🇺 Burgundians · Russia
1412
+13
🇨🇴 Danes · Colombia
1253
+19
🇲🇽 Dravidians · Mexico
1439
-18
🇦🇷 Italians · Argentina
1314
-14
🇦🇷 Khmer · Argentina
1254
-12
Homero Thomson
4:00 Loom
12:49 Feudal Age
16:51 Castle Age
16:55 Double-Bit Axe
18:05 Bow Saw
22:39 Horse Collar
26:44 Wheelbarrow
28:44 Hand Cart
32:11 Imperial Age
31:34 Bloodlines
30:46 Light Cavalry
31:49 Gold Mining
31:50 Stone Mining
32:40 Hussar
33:59 Scale Barding Armor
34:06 Forging
35:03 Chain Barding Armor
35:24 Conscription
36:26 Iron Casting
37:20 Plate Barding Armor
37:01 Husbandry
40:00 Fletching
40:11 Padded Archer Armor
42:49 Bodkin Arrow
44:50 Ballistics
45:31 Chemistry
[KOF] Kryzzozz
8:58 Loom
11:34 Feudal Age
12:16 Double-Bit Axe
13:23 Fletching
15:38 Town Watch
19:48 Castle Age
20:43 Medium Warships
20:29 Bodkin Arrow
20:52 Bow Saw
22:31 Thumb Ring
25:41 Ballistics
28:02 Wheelbarrow
27:54 Padded Archer Armor
31:37 Fishing Lines
33:32 Leather Archer Armor
37:45 Imperial Age
35:31 Hand Cart
35:12 Horse Collar
38:31 Bracer
39:34 Chemistry
38:44 Elite Elephant Archer
41:22 Two-Man Saw
42:18 Chemistry
[ KOF ] M. Kowalski
4:49 Loom
13:35 Feudal Age
17:26 Castle Age
16:34 Stone Mining
20:22 Fletching
21:19 Bodkin Arrow
snk
11:35 Loom
13:39 Feudal Age
17:26 Castle Age
20:34 Double-Bit Axe
25:23 Scale Barding Armor
27:13 Wheelbarrow
27:43 Chain Barding Armor
29:34 Bloodlines
30:26 Husbandry
32:56 Horse Collar
36:32 Bow Saw
40:23 Town Watch
44:30 Imperial Age
42:22 Forging
42:30 Gold Mining
44:30 Fervor
YuriiVegas
4:17 Loom
4:23 Double-Bit Axe
11:50 Fishing Lines
13:13 Horse Collar
16:45 Feudal Age
18:30 Bow Saw
20:46 Castle Age
19:39 Gold Mining
20:41 Forging
21:20 Gold Shaft Mining
22:40 Heavy Plow
26:07 Wheelbarrow
25:58 Stone Mining
28:56 Stone Shaft Mining
29:54 Hand Cart
29:30 Town Watch
32:24 Two-Man Saw
35:41 Imperial Age
32:43 Cavalier
33:24 Husbandry
33:31 Scale Barding Armor
35:59 Imperial Age
34:30 Guilds
35:20 Chain Barding Armor
36:38 Iron Casting
36:02 Paladin
37:58 Plate Barding Armor
38:49 Conscription
39:57 Fletching
40:41 Bodkin Arrow
41:22 Ballistics
42:04 Chemistry
41:16 Masonry
42:04 Treadmill Crane
45:58 Bracer
46:13 Masonry
[Slowhand] Jose023
3:55 Loom
13:38 Feudal Age
17:44 Castle Age
16:23 Double-Bit Axe
17:27 Gold Mining
17:33 Horse Collar
18:42 Fletching
19:15 Bow Saw
20:26 Bodkin Arrow
22:26 Wheelbarrow
23:48 Padded Archer Armor
28:22 Bloodlines
29:19 Leather Archer Armor
31:20 Thumb Ring
31:19 Husbandry
33:58 Imperial Age
31:55 Town Watch
32:22 Pikeman
34:02 Cranequins
36:28 Chemistry
35:57 Heavy Plow
36:33 Gold Shaft Mining
35:49 Stone Mining
35:33 Halberdier
38:05 Ballistics
37:51 Siege Engineers
38:45 Squires
40:08 Heavy Mounted Crossbowman
44:15 Conscription
43:23 Hamask
45:17 Bracer
Connection lost

Rejoining the realm…

Still unreachable

The connection could not be restored.

Session expired

The server has moved on; the page needs a fresh start.